 Dungeon Crawl Stone Soup version 0.23-a0-358-g98c7a59 (webtiles) character file.

22 JeffiDaFish the Sneak (level 2, -1/13 HPs)
             Began as a Spriggan Enchanter on Oct 22, 2018.
             Slain by Sigmund
             ... wielding a +0 scythe
              (5 damage)
             ... on level 2 of the Dungeon.
             The game lasted 00:03:06 (1323 turns).

JeffiDaFish the Sneak (Spriggan Enchanter)          Turns: 1323, Time: 00:03:06

Health: -1/13      AC:  2    Str:  4    XL:     2   Next: 68%
Magic:  3/7        EV: 18    Int: 16    God:
Gold:   77         SH:  0    Dex: 16    Spells: 4/7 levels left

rFire    . . .     SeeInvis +   a - +2 dagger
rCold    . . .     Gourm    .   (shield restricted)
rNeg     . . .     Faith    .   b - +0 robe
rPois    .         Spirit   .   (helmet restricted)
rElec    .         Reflect  .   (no cloak)
rCorr    .         Harm     .   (gloves unavailable)
MR       .....                  (boots unavailable)
Stlth    +++.......             (no amulet)
HPRegen  0.04/turn              (no ring)
MPRegen  0.10/turn              (no ring)

@: very quick
A: very small, unfitting armour, see invisible, herbivore, speed 3, slow
metabolism 2
a: no special abilities


You were on level 2 of the Dungeon.
You were not hungry.

You visited 1 branch of the dungeon, and saw 2 of its levels.

You collected 77 gold pieces.

Inventory:

Hand Weapons
 a - a +2 dagger (weapon)
Armour
 b - a +0 robe (worn)
Potions
 c - a potion of flight
 e - a potion of degeneration {unknown}
Comestibles
 d - 4 rations


   Skills:
 - Level 1.1 Short Blades
 - Level 3.0 Dodging
 + Level 4.8 Stealth
 * Level 3.3 Spellcasting
 * Level 4.1 Hexes


You had 4 spell levels left.
You knew the following spells:

 Your Spells              Type           Power        Failure   Level  Hunger
a - Corona                Hex            ###....      3%          1    None
b - Ensorcelled Hibernat  Hex/Ice        #.....       12%         2    ##.....

Your spell library contained the following spells:

 Spells                   Type           Power        Failure   Level  Hunger
 Confuse                  Hex            ###.....     10%         3    ###....
 Tukima's Dance           Hex            ###.....     10%         3    ###....
 Dazzling Spray           Conj/Hex       #.....       22%         3    ###....


Dungeon Overview and Level Annotations

Branches:
Dungeon (2/15)

Altars:

Annotations:
D:2 Sigmund


Innate Abilities, Weirdness & Mutations

You are very small and have problems with some larger weapons.
You are too small for most types of armour.
You have supernaturally acute eyesight. (SInv)
You are a herbivore.
You cover ground extremely quickly.
You need to consume almost no food.


Message History

Sigmund barely misses you.
Casting: Ensorcelled Hibernation (safe; 12% risk of failure)
Confirm with . or Enter, or press ? or * to list all spells.
Aiming: Ensorcelled Hibernation (safe; 12% risk of failure)
Press: ? - help, Shift-Dir - straight line, f/p - Sigmund
Aim: Sigmund, wielding a +0 scythe and wearing a +0 robe (slightly transparent, Sigmund looks drowsy...
The helpless Sigmund fails to defend himself.
You impale Sigmund!!
Sigmund is severely wounded.
Sigmund says, "Now you see me, now you don't..."
Sigmund hits you with a +0 scythe!
Ouch! That really hurt!
Casting: Ensorcelled Hibernation (safe; 12% risk of failure)
Confirm with . or Enter, or press ? or * to list all spells.
Aiming: Corona (safe; 3% risk of failure)
Press: ? - help, Shift-Dir - straight line, f/p - Sigmund
Aim: Sigmund, wielding a +0 scythe and wearing a +0 robe (severely wounded, Sigmund struggles to resist.
Sigmund hits you with a +0 scythe.
You die...

........#..........#.#.#
##....#.#.......##.#.#.#
#....#.#.......##......
##....#.#.......##..##.#
......#.#.......##.....#
......#.#...^...##...#.#
##
#....#.#........###.#.#
.. #............# #.#.#
###. #.@@.........#
#....
.....##............#
##..#
.....'........#.#.##
#.>. .....##.#######.#.#
#### .... #.# #.#.# ###
... ... ..#.. ... ##.#.
. #.. ### #.#.# ... .


You could see Sigmund (invisible).

Vanquished Creatures
  An ooze (D:1)
  A dart slug (D:1)
  A leopard gecko (D:2)
  A hobgoblin (D:1)
  2 bats
  6 goblins
  A kobold (D:1)
  A rat (D:1)
14 creatures vanquished.

Notes
Turn   | Place    | Note
-------+----------+-------------------------------------------
     0 | D:1      | JeffiDaFish the Spriggan Enchanter began the quest for the
                  | Orb.
     0 | D:1      | Reached XP level 1. HP: 9/9 MP: 5/5
   480 | D:1      | Reached XP level 2. HP: 13/13 MP: 7/7
   830 | D:2      | Noticed Sigmund
   917 | D:2      | Learned a level 2 spell: Ensorcelled Hibernation
  1323 | D:2      | Slain by Sigmund

Vault maps used:
D:1:      giann_bridges, solitary_fountain
D:2:      overflow_temple_1_default, uniq_terence, uniq_sigmund

Skill      XL: |  1  2 |
---------------+-------+-----
Spellcasting   | 3 |  3.3
Hexes          | 4 |  4.1
Short Blades   | |  1.1
Dodging        | |  3.0
Stealth        | |  4.8

Action                   || total
-------------------------++-------
Melee: Dagger            ||    27
 Cast: Corona            ||     5
       Ensorcelled Hiber ||     7
  Use: Potion            ||     4
       Scroll            ||     1
 Stab: Sleeping          ||    10
Armor: Robe              ||     2
Dodge: Dodged            ||    24

Table legend:
 A = Non-vault XP
 B = Vault XP
 C = Vault XP percentage of total XP
 D = Non-vault monster count
 E = Vault monster count
 F = Vault count percentage of total count
                 A         B        C        D         E       F
            +---------+---------+-------+---------+---------+-------
      Total |      32 |       0 |   0.0 |      14 |       0 |   0.0
            +---------+---------+-------+---------+---------+-------
        D:1 |      21 |       0 |   0.0 |       9 |       0 |   0.0
        D:2 |      11 |       0 |   0.0 |       5 |       0 |   0.0
            +---------+---------+-------+---------+---------+-------
